[Event "Early-Titled-Tuesday-Blitz-July-09-2024"]
[Site "Chess.com"]
[Date "2024.07.09"]
[Round "7"]
[White "tusplingher"]
[Black "dapsay"]
[Result "1/2-1/2"]
[WhiteElo "2689"]
[BlackElo "2572"]
[TimeControl "180+1"]
[EndTime "9:19:33 PDT"]
[Termination "Game drawn by repetition"]

1. e4 c5 2. Nf3 e6 3. d4 cxd4 4. Nxd4 a6 5. Bd3 Bc5 6. Nb3 Ba7 7. Qg4 Nf6 8. Qe2 d6 9. Be3 O-O 10. O-O Nc6 11. c4 Qc7 12. Nc3 e5 13. Bxa7 Rxa7 14. Rac1 Re8 15. Nd5 Qd8 16. Rfd1 Ra8 17. c5 Nd4 18. Nxd4 exd4 19. Nxf6+ Qxf6 20. cxd6 Qxd6 21.
Bb1 Be6 22. Rd2 Red8 23. Rcd1 Rac8 24. h3 Qb4 25. Qd3 g6 26. Qe2 Qa4 27. b3 Qb4 28. e5 Rc3 29. Be4 b5 30. Rd3 a5 31.
Rxc3 Qxc3 32. Qxb5 d3 33. Rxd3 Qa1+ 34. Kh2 Rxd3 35. Bxd3 Qxa2 36. Bc4 Bxc4 37. bxc4 a4 38. c5 Qxf2 39. c6 Qf4+ 40. g3 Qf2+ 41. Kh1 Qe1+ 42. Kg2 Qd2+ 43. Kf3 a3 44. Qb8+ Kg7 45. c7 Qc3+ 46. Ke2 Qxe5+ 47. Kd3 a2 48. c8=Q Qxb8 49. Qxb8 a1=Q 50. Ke2 Qc3 51. Kf2 h5 52. Kg2 Qd2+ 53.
Kg1 Qe1+ 54. Kg2 Qe2+ 55. Kg1 h4 56. gxh4 Qd1+ 57. Kg2 Qd2+ 58. Kg1 Qd4+ 59. Kg2 Qxh4 60. Qe5+ Qf6 61. Qe4 Qg5+ 62. Kh2 f6 63. Qe7+ Kh6 64. Qf8+ Kh5 65. Qh8+ Qh6 66. Qxf6 Qd2+ 67. Kg3 Qe3+ 68. Kg2 Qe2+ 69. Kg3 Qe3+ 70. Kg2 Qe2+ 71. Kg3 Qe3+ 1/2-1/2

[Event "Early-Titled-Tuesday-Blitz-July-09-2024"]
[Site "Chess.com"]
[Date "2024.07.09"]
[Round "7"]
[White "Arimin1329"]
[Black "Bilan_Danila"]
[Result "0-1"]
[WhiteElo "2412"]
[BlackElo "2596"]
[TimeControl "180+1"]
[EndTime "9:19:34 PDT"]
[Termination "Bilan_Danila won by checkmate"]

1. Nf3 d5 2. d4 Nf6 3. g3 c5 4.
dxc5 Nc6 5. a3 e5 6. b4 e4 7.
Nd4 Ne5 8. Bg2 g6 9. O-O Bg7 10. Bb2 Nc4 11. Bc3 e3 12. f4 h5 13. Qd3 h4 14. Rf3 hxg3 15. hxg3 Ne4 16. Rxe3 Nxe3 17. Qxe3 O-O 18. Bb2 Re8 19. Bxe4 Rxe4 20. Qd3 Bf5 21. Nxf5 Bxb2 22. Ra2 gxf5 23. Rxb2 d4 24. c3 Re3 25. Qxd4 Rxg3+ 26. Kf2 Qh4 27. Kf1 Qh1+ 28. Kf2 Qg1# 0-1

[Event "Early-Titled-Tuesday-Blitz-July-09-2024"]
[Site "Chess.com"]
[Date "2024.07.09"]
[Round "7"]
[White "IC3S2"]
[Black "anderson2361"]
[Result "1-0"]
[WhiteElo "2546"]
[BlackElo "2189"]
[TimeControl "180+1"]
[EndTime "9:19:36 PDT"]
[Termination "IC3S2 won by resignation"]

1. e4 c5 2. Nc3 Nc6 3. Bb5 Nd4 4. Nf3 a6 5. Bd3 Nc6 6. O-O g6 7. e5 Bg7 8. Re1 e6 9. Ne4 d5 10. exd6 Nf6 11. Nxc5 Qxd6 12. Ne4 Nxe4 13. Bxe4 O-O 14.
c3 f5 15. Bc2 e5 16. d4 e4 17.
Ng5 Kh8 18. f3 h6 19. Nh3 exf3 20. Qxf3 b5 21. Nf4 Bb7 22. Re6 Qd7 23. Nxg6+ Kg8 24. Nxf8 Rxf8 25. Qf2 Nxd4 26. cxd4 Qxe6 27. Bf4 Rd8 28.
Bb3 Bd5 29. Re1 Qf7 30. Be5 Bxb3 31. axb3 Re8 32. Qg3 Kh7 33. h3 f4 34. Qd3+ Qg6 35.
Qxg6+ Kxg6 36. Kf2 Kf5 37. Bxg7 1-0

[Event "Early-Titled-Tuesday-Blitz-July-09-2024"]
[Site "Chess.com"]
[Date "2024.07.09"]
[Round "7"]
[White "GAO"]
[Black "kyawmyataung2005"]
[Result "1-0"]
[WhiteElo "2442"]
[BlackElo "2331"]
[TimeControl "180+1"]
[EndTime "9:19:38 PDT"]
[Termination "GAO won on time"]

1. e4 e5 2. Nf3 Nc6 3. d4 exd4 4. Bc4 Nf6 5. e5 d5 6. Bb5 Ne4 7. Nxd4 Bd7 8. Bxc6 bxc6 9. O-O Bc5 10. f3 Ng5 11.
Be3 O-O 12. f4 Ne6 13. c3 Bxd4 14. cxd4 f5 15. Nd2 c5 16. dxc5 d4 17. Bf2 Bb5 18.
Qb3 Qd7 19. Rfe1 Bc6 20. Nf3 Rab8 21. Qc4 Bd5 22. Qc2 Bxf3 23. gxf3 d3 24. Qd2 Qd5 25. Kg2 Rfd8 26. Rad1 a5 27. Qc3 Rb4 28. Bg3 Qxa2 29. Rxd3 Rxb2+ 30. Kh1 Rxd3 31. Qxd3 Rd2 32. Qb1 Qd5 33.
Rf1 a4 34. Qb5 a3 35. Qe8+ Nf8 36. Bh4 Qd3 37. Kg1 Qe3+ 38. Rf2 Rxf2 39. Bxf2 Qc1+ 40. Kg2 1-0

[Event "Early-Titled-Tuesday-Blitz-July-09-2024"]
[Site "Chess.com"]
[Date "2024.07.09"]
[Round "7"]
[White "temus_galaktionov"]
[Black "hakanazeri2"]
[Result "0-1"]
[WhiteElo "2836"]
[BlackElo "2652"]
[TimeControl "180+1"]
[EndTime "9:19:42 PDT"]
[Termination "hakanazeri2 won on time"]

1. d4 Nf6 2. Nf3 d5 3. c4 e6 4. Nc3 Bb4 5. cxd5 exd5 6. Bg5 h6 7. Bxf6 Qxf6 8. e3 O-O 9. Bd3 c6 10. O-O Bd6 11. e4 dxe4 12. Nxe4 Qe7 13. h3 Bf5 14. Re1 Bxe4 15. Rxe4 Qc7 16. Qd2 Nd7 17. Rg4 Kh8 18.
Rh4 Kg8 19. Rxh6 Bf4 20. Bh7+ Kh8 21. Rxc6 bxc6 22. Qc2 Nf6 23. Bf5 g6 24. Bd3 Kg7 25. a3 a5 26. g3 Bd6 27. Rc1 Nd5 28. Kg2 Bxg3 29. Be4 Bf4 30. Rg1 Rae8 31. Kf1 Qd7 32. Bxg6 Qxh3+ 33. Rg2 Ne3+ 34. fxe3 Qxf3+ 35. Kg1 Bxe3+ 36.
Kh1 Qh3+ 0-1

[Event "Early-Titled-Tuesday-Blitz-July-09-2024"]
[Site "Chess.com"]
[Date "2024.07.09"]
[Round "7"]
[White "ninguno46"]
[Black "Alex_Banzea"]
[Result "1/2-1/2"]
[WhiteElo "2575"]
[BlackElo "2696"]
[TimeControl "180+1"]
[EndTime "9:19:43 PDT"]
[Termination "Game drawn by repetition"]

1. Nf3 Nf6 2. c4 g6 3. Nc3 Bg7 4. e4 d6 5. d4 O-O 6. Be2 Qe8 7. O-O e5 8. dxe5 dxe5 9. b4 Bg4 10. Nd5 Nxe4 11.
Nxc7 Qc6 12. Nxa8 Nc3 13. Qc2 Nxe2+ 14. Qxe2 e4 15. Ne5 Bxe5 16. Qxg4 Bxa1 17. b5 Qxc4 18. Ba3 Re8 19. Rxa1 Qc3 20. Rd1 Qxa3 21. Nc7 f5 22. Qe2 Re7 23. Qc4+ Kg7 24. Nd5 Rf7 25. Qd4+ Kh6 26.
Qd2+ Kg7 27. Qd4+ Kh6 28. Qd2+ Kg7 29. Qd4+ 1/2-1/2

[Event "Early-Titled-Tuesday-Blitz-July-09-2024"]
[Site "Chess.com"]
[Date "2024.07.09"]
[Round "7"]
[White "Sofia_Blokhin"]
[Black "sanbruh"]
[Result "0-1"]
[WhiteElo "2187"]
[BlackElo "2352"]
[TimeControl "180+1"]
[EndTime "9:19:45 PDT"]
[Termination "sanbruh won on time"]

1. d4 d6 2. e4 Nf6 3. Nc3 g6 4. f3 Bg7 5. Be3 O-O 6. Qd2 Re8 7. O-O-O Nbd7 8. g4 c5 9. dxc5 dxc5 10. Bxc5 Qa5 11. Be3 a6 12. Kb1 b5 13. a3 Qc7 14. h4 Nb6 15. h5 Nc4 16. Bxc4 Qxc4 17. hxg6 hxg6 18. e5 Nd7 19. f4 Rb8 20. Nd5 Bb7 21. Rh2 Rbd8 22.
b3 Qe4 23. Nc3 Qc6 24. Qe1 Rc8 25. Bd4 e6 26. Nh3 Qf3 27. Ng5 Qxg4 28. Rd3 Nc5 29. Rdh3 Red8 30. Bxc5 Rxc5 31. Nce4 Rc7 0-1

[Event "Early-Titled-Tuesday-Blitz-July-09-2024"]
[Site "Chess.com"]
[Date "2024.07.09"]
[Round "7"]
[White "evgchess5"]
[Black "Rile-Man"]
[Result "1-0"]
[WhiteElo "2865"]
[BlackElo "2655"]
[TimeControl "180+1"]
[EndTime "9:19:46 PDT"]
[Termination "evgchess5 won by checkmate"]

1. e4 Nc6 2. Nf3 d6 3. d4 Nf6 4.
c3 g6 5. Bd3 Bg7 6. O-O O-O 7.
Re1 e5 8. Nbd2 a6 9. dxe5 dxe5 10. Qc2 Qe7 11. h3 h6 12. b4 Rd8 13. a4 Nh5 14.
Bf1 Nf4 15. Ba3 Qf6 16. b5 Ne7 17. Kh2 g5 18. g3 Ne6 19. Bg2 Ng6 20. Nc4 b6 21. Ne3 Ne7 22. Ng4 Qg6 23. Bxe7 Re8 24. Nfxe5 Qh7 25. Nf6+ Bxf6 26. Bxf6 Nc5 27. Nd3 Re6 28.
Bd4 Nxd3 29. Qxd3 Bb7 30. f4 Rd8 31. f5 Red6 32. Qc4 axb5 33. axb5 h5 34. Qxc7 R6d7 35.
Qxb6 h4 36. g4 Bc8 37. Ra8 Re8 38. Qf6 Red8 39. Qxg5+ Kf8 40. e5 Bb7 41. Rxd8+ Rxd8 42. Qxd8+ Kg7 43. e6+ f6 44. Qxf6+ Kg8 45. e7 Qf7 46. Qh8# 1-0

[Event "Early-Titled-Tuesday-Blitz-July-09-2024"]
[Site "Chess.com"]
[Date "2024.07.09"]
[Round "7"]
[White "Defenstrator"]
[Black "GrotBchess"]
[Result "0-1"]
[WhiteElo "2413"]
[BlackElo "2600"]
[TimeControl "180+1"]
[EndTime "9:19:46 PDT"]
[Termination "GrotBchess won by resignation"]

1. Na3 e5 2. c3 Nf6 3. Nc2 d5 4. g3 c6 5. Nh3 Bd6 6. f3 O-O 7. Nf2 Bc5 8. d4 exd4 9. cxd4 Bd6 10. e4 dxe4 11. fxe4 Re8 12. Bg2 c5 13. O-O cxd4 14. Bg5 Be5 15. Nd3 Nbd7 16. Ncb4 h6 17. Nxe5 hxg5 18.
Nxd7 Qxd7 19. Nd5 Nxe4 20. Qxd4 Nd6 21. Rae1 Rxe1 22. Rxe1 Nf5 23. Qg4 Qb5 24. Qxg5 Qc5+ 25.
Kh1 Be6 26. Nf6+ Kf8 27. Rxe6 gxf6 28. Rxf6 Rd8 29. Rxf5 Rd1+ 30. Bf1 Rxf1+ 31. Kg2 Rxf5 32.
Qh6+ Ke7 33. Qh4+ Kd7 34. Qa4+ Qc6+ 35. Qxc6+ Kxc6 36. g4 Rb5 37. b3 Kd6 38. Kf3 Ke6 39. Kf4 Kf6 40. h4 Rb4+ 41. Kg3 Rd4 42. Kf3 Rd2 43. Kf4 Rxa2 44. h5 Rf2+ 45. Kg3 Rb2 46. Kh4 Rxb3 47. h6 Kg6 48. g5 Rb4+ 0-1

[Event "Early-Titled-Tuesday-Blitz-July-09-2024"]
[Site "Chess.com"]
[Date "2024.07.09"]
[Round "7"]
[White "SVijayalakshmi"]
[Black "le-castor-faineant"]
[Result "1-0"]
[WhiteElo "2554"]
[BlackElo "2320"]
[TimeControl "180+1"]
[EndTime "9:19:46 PDT"]
[Termination "SVijayalakshmi won on time"]

1. Nf3 Nf6 2. d4 g6 3. c4 Bg7 4. Nc3 d6 5. g3 O-O 6. Bg2 c5 7. O-O Nc6 8. d5 Na5 9. Nd2 a6 10. e4 Rb8 11. Qe2 Bd7 12. a4 Qb6 13. Ra3 Ng4 14.
h3 Nf6 15. Kh2 Rfe8 16. f4 e6 17. e5 exd5 18. cxd5 dxe5 19. fxe5 Rxe5 20. Qf2 Re7 21. Nce4 Nxe4 22. Nxe4 Bf5 23. d6 Rd7 24. Nxc5 Rxd6 25. Bf4 Bd4 26. Qf3 Bxc5 27. Bxd6 Qxd6 28. Rc3 Re8 29.
Rd1 Qf8 30. Qd5 b6 31. Rcc1 Be6 32. Qd2 Nb3 33. Qd3 Nxc1 34. Rxc1 Qd6 35. Qxa6 Qe5 36. Qb5 Bd6 37. Qxe8+ Kg7 38. Rc3 Qe2 39. Qc6 Be5 40. Qxb6 Bxc3 41. bxc3 1-0

[Event "Early-Titled-Tuesday-Blitz-July-09-2024"]
[Site "Chess.com"]
[Date "2024.07.09"]
[Round "7"]
[White "Goryachkina"]
[Black "FerAsensio2024"]
[Result "1-0"]
[WhiteElo "2681"]
[BlackElo "2529"]
[TimeControl "180+1"]
[EndTime "9:19:47 PDT"]
[Termination "Goryachkina won by resignation"]

1. e4 c6 2. d4 d5 3. e5 Bf5 4. Nf3 e6 5. Be2 Nd7 6. O-O Ne7 7. c3 Ng6 8. a4 f6 9. Re1 fxe5 10. Nxe5 Ngxe5 11. dxe5 a6 12. Nd2 Bc5 13. Nb3 Ba7 14. Bh5+ g6 15. Bf3 O-O 16. Nd4 c5 17. Nxf5 gxf5 18. c4 d4 19. Bxb7 Rb8 20. Bxa6 Qc7 21. Ra3 Rf7 22.
Bb5 Rg7 23. Rg3 Rxg3 24. hxg3 Nf8 25. Bd2 Bb6 26. Qf3 Ba5 27. Bxa5 Qxa5 28. Re2 Ng6 29. g4 Rf8 30. Bd7 Qa6 31. Qc6 Qxc6 32. Bxc6 Nf4 33.
Rd2 fxg4 34. a5 d3 35. a6 Ne2+ 36. Kf1 Rf7 37. Bb7 g3 38. f3 Nd4 39. a7 Rxb7 40.
a8=Q+ Rb8 41. Qxb8+ 1-0

[Event "Early-Titled-Tuesday-Blitz-July-09-2024"]
[Site "Chess.com"]
[Date "2024.07.09"]
[Round "7"]
[White "rdarruda"]
[Black "JunjiCol"]
[Result "1-0"]
[WhiteElo "2566"]
[BlackElo "2362"]
[TimeControl "180+1"]
[EndTime "9:19:47 PDT"]
[Termination "rdarruda won by resignation"]

1. d4 d5 2. Nf3 e6 3. c4 c6 4. e3 f5 5. Be2 Nf6 6. O-O Bd6 7. b3 Ne4 8. Qc2 Qe7 9. a4 a5 10. Ba3 Bxa3 11. Nxa3 Na6 12. Ne5 Nb4 13. Qb2 O-O 14. f3 Nd6 15. Nc2 f4 16. Nxb4 axb4 17.
exf4 Rxf4 18. Qd2 g5 19. g3 Rf8 20. Qxb4 Bd7 21. Rae1 b5 22. cxb5 cxb5 23. a5 Rfc8 24. Bd3 Be8 25. Rc1 Qf8 26. Rxc8 Rxc8 27. a6 Ra8 28. Ra1 Nc8 29. Qxf8+ Kxf8 30. Bxh7 Ke7 31. Bd3 Kd6 32. Kf2 Kc7 33. Ke3 Kb6 34. f4 gxf4+ 35.
Kxf4 Nd6 36. g4 b4 37. Rc1 Nb5 38. Ra1 Nxd4 39. h4 Nxb3 40. Rb1 Nc5 41. Rxb4+ Ka5 42.
Rb1 Nxd3+ 43. Nxd3 Bg6 44. Ra1+ Kb6 45. Ne5 Bh7 46.
h5 Rxa6 47. Rxa6+ Kxa6 48. g5 Kb7 49. g6 Bg8 50. h6 d4 51. h7 d3 52. Ke3 1-0

[Event "Early-Titled-Tuesday-Blitz-July-09-2024"]
[Site "Chess.com"]
[Date "2024.07.09"]
[Round "7"]
[White "Chaubunagungamaug1"]
[Black "Mikhail_Golubev"]
[Result "1-0"]
[WhiteElo "2503"]
[BlackElo "2626"]
[TimeControl "180+1"]
[EndTime "9:19:49 PDT"]
[Termination "Chaubunagungamaug1 won on time"]

1. d4 Nf6 2. c4 d6 3. Nc3 g6 4. e4 Bg7 5. Be2 O-O 6. Be3 c5 7.
d5 e6 8. Nf3 exd5 9. cxd5 b5 10. e5 dxe5 11. Bxc5 Re8 12. Bxb5 Bd7 13. Be2 Bg4 14.
O-O e4 15. Nd4 Bxe2 16. Ndxe2 Nbd7 17. Be3 Nb6 18. Nf4 Re5 19. Qb3 g5 20. Nfe2 Nbxd5 21. Rfd1 Rb8 22. Qc4 Qc8 23. Qxc8+ Rxc8 24. Bxa7 e3 25.
fxe3 Nxe3 26. Rd3 Nc4 27. Bd4 Nxb2 28. Rf3 Re6 29. a4 Nc4 30. a5 Ra8 31. Ra4 1-0

[Event "Early-Titled-Tuesday-Blitz-July-09-2024"]
[Site "Chess.com"]
[Date "2024.07.09"]
[Round "7"]
[White "JEHUBNER"]
[Black "johnmez"]
[Result "0-1"]
[WhiteElo "2010"]
[BlackElo "2251"]
[TimeControl "180+1"]
[EndTime "9:19:50 PDT"]
[Termination "johnmez won by resignation"]

1. e4 e6 2. d4 d5 3. exd5 exd5 4. Nf3 Bd6 5. Bd3 Ne7 6. O-O O-O 7. Re1 Bf5 8. Bg5 f6 9. Bh4 Nbc6 10. c3 Qd7 11.
Bc2 Rfe8 12. Nbd2 Bxc2 13. Qxc2 Nf5 14. Bg3 Nxg3 15. hxg3 Ne7 16. Nf1 c6 17. Re2 Ng6 18. Rae1 Rxe2 19. Qxe2 Kf7 20. N1d2 Re8 21. Qxe8+ Qxe8 22. Rxe8 Kxe8 23. Kf1 Ne7 24. g4 g5 25. Ne1 Kf7 26. f3 Ke6 27. Ke2 Ng6 28. Nd3 b6 29.
Nf1 c5 30. Ne3 c4 31. Ne1 b5 32.
Nf5 Bf8 33. g3 a5 34. Nc2 b4 35. Nce3 b3 36. axb3 cxb3 37. Kd2 a4 38. Kc1 Ne7 39. c4 dxc4 40. Nxe7 Bxe7 41. Nxc4 Bd6 42. Nb6 a3 43. bxa3 Bxa3+ 44. Kb1 Bd6 45. Kb2 Bxg3 46. Kxb3 Bc7 47. Kc4 Bxb6 48. d5+ Kd6 49. Kb5 Be3 50. Kc4 Bf4 51.
Kd4 h6 52. Ke4 Be5 53. Kf5 Kxd5 54. Kg6 Kd4 55. Kxh6 Ke3 56. Kg6 Kxf3 57. Kf5 Kg3 58. Ke4 Kxg4 59. Kd5 Bb8 60. Ke4 f5+ 61. Ke3 f4+ 62.
Kf2 f3 63. Kf1 Kf4 64. Kg1 0-1

[Event "Early-Titled-Tuesday-Blitz-July-09-2024"]
[Site "Chess.com"]
[Date "2024.07.09"]
[Round "7"]
[White "DucksParadise"]
[Black "RCone"]
[Result "1-0"]
[WhiteElo "2609"]
[BlackElo "2427"]
[TimeControl "180+1"]
[EndTime "9:19:54 PDT"]
[Termination "DucksParadise won on time"]

1. Nf3 g6 2. e4 Bg7 3. d4 d6 4. Be2 Nf6 5. Nc3 O-O 6. O-O Bg4 7. Be3 Nc6 8. h3 Bxf3 9. Bxf3 e5 10. Ne2 Re8 11. d5 Ne7 12. c4 Nd7 13. Nc3 a5 14. a3 f5 15. b4 b6 16. exf5 Nxf5 17. Bd2 e4 18. Bxe4 axb4 19. Bxf5 bxc3 20. Bxd7 Qxd7 21. Be3 Qa4 22. Qd3 c2 23. Rac1 Qxa3 24. Qxc2 Qa2 25. Qd1 Ra4 26. Qg4 Raa8 27. Qd7 Rac8 28. Rfe1 Red8 29.
Qe6+ Kh8 30. Bg5 Rf8 31. Re2 Qa3 32. Rce1 Qc5 33. Qd7 Bd4 34. Re7 Bxf2+ 35. Kh2 Bg3+ 36. Kxg3 Qf2+ 37. Kh2 1-0

[Event "Early-Titled-Tuesday-Blitz-July-09-2024"]
[Site "Chess.com"]
[Date "2024.07.09"]
[Round "7"]
[White "Paladin61"]
[Black "Viacheslav92"]
[Result "0-1"]
[WhiteElo "2730"]
[BlackElo "2596"]
[TimeControl "180+1"]
[EndTime "9:19:55 PDT"]
[Termination "Viacheslav92 won on time"]

1. d4 Nf6 2. c4 e6 3. Nf3 d5 4. Nc3 Be7 5. g3 O-O 6. Bg2 dxc4 7. Ne5 Nc6 8. Bxc6 bxc6 9. Nxc6 Qe8 10. Nxe7+ Qxe7 11. Qa4 c5 12. Qxc4 cxd4 13. Qxd4 Rd8 14. Qh4 Bb7 15.
O-O h6 16. Be3 a6 17. Rfd1 Rxd1+ 18. Rxd1 Rd8 19. Rxd8+ Qxd8 20. f3 Qe7 21. Kf2 Kf8 22.
b4 Ke8 23. a4 Nd5 24. Qd4 Nxc3 25. Qxc3 f6 26. b5 axb5 27. axb5 Qd7 28. b6 Qc6 29. Qd3 Kf7 30. Qd8 Qd5 31. Qc7+ Kg6 32. Bc5 Qc6 33. Qe7 Ba6 34. e4 Qb5 35. g4 Qf1+ 36.
Kg3 Be2 37. Bf2 Qh1 0-1

[Event "Early-Titled-Tuesday-Blitz-July-09-2024"]
[Site "Chess.com"]
[Date "2024.07.09"]
[Round "7"]
[White "MarijaKuznecova"]
[Black "DanylaBagrov"]
[Result "1-0"]
[WhiteElo "2448"]
[BlackElo "2589"]
[TimeControl "180+1"]
[EndTime "9:19:56 PDT"]
[Termination "MarijaKuznecova won on time"]

1. e4 c5 2. Nf3 a6 3. c4 Nc6 4. d4 cxd4 5. Nxd4 Nf6 6. Nc3 e5 7. Nc2 Bc5 8. Be3 Bxe3 9. Nxe3 d6 10. Bd3 O-O 11. O-O Be6 12. Ned5 Bxd5 13. cxd5 Nd4 14. a4 Qb6 15. a5 Qxb2 16. Na4 Qb4 17. Nb6 Rad8 18.
Nc4 Nxe4 19. Ra4 Qc5 20. Bxe4 f5 21. Bb1 Qxd5 22. Ba2 Kh8 23. Nb6 Qb5 24. Bc4 Qc5 25.
Bd5 f4 26. Qd3 f3 27. gxf3 Rf4 28. Be4 g6 29. Nd5 Rh4 30. Kg2 Rf8 31. Rc4 Qxa5 32. Rc7 Ne6 33. Re7 Ng5 34. Bxg6 hxg6 35. Qxg6 Rg8 36.
Qf6+ 1-0

[Event "Early-Titled-Tuesday-Blitz-July-09-2024"]
[Site "Chess.com"]
[Date "2024.07.09"]
[Round "7"]
[White "neistoviupryam"]
[Black "Cherepov_Alexej"]
[Result "1/2-1/2"]
[WhiteElo "2331"]
[BlackElo "2433"]
[TimeControl "180+1"]
[EndTime "9:19:58 PDT"]
[Termination "Game drawn by repetition"]

1. e4 Nf6 2. Nc3 e5 3. Nf3 Nc6 4. d4 Bb4 5. dxe5 Nxe4 6. Bd2 Nxc3 7. Bxc3 Bxc3+ 8. bxc3 Qe7 9. Bd3 Nxe5 10. O-O O-O 11. Re1 d6 12. Nxe5 dxe5 13. Qh5 f5 14. Bc4+ Kh8 15.
Re3 Qf6 16. Rae1 e4 17. f3 Be6 18. Bxe6 Qxe6 19. fxe4 fxe4 20. Rxe4 Qxa2 21. Re7 Qxc2 22. Qc5 b6 23. Qd4 Qg6 24. Rxc7 a5 25. Rb7 a4 26.
Rxb6 Qf7 27. Rbb1 a3 28. h3 a2 29. Ra1 Rfd8 30. Qf2 Qc4 31. Re2 Qxc3 32. Raxa2 Qc1+ 33.
Kh2 Qc7+ 34. Qg3 Qd7 35. Rxa8 Rxa8 36. Qe5 h6 37. Qe6 Qc7+ 38. Qe5 Qf7 39. Qe6 Qf4+ 40. g3 Qf1 41. Qe3 Rf8 42. h4 Kh7 43. Qe4+ Kh8 44. Qe3 Rf6 45. Qe8+ Rf8 46. Qe3 1/2-1/2

[Event "Early-Titled-Tuesday-Blitz-July-09-2024"]
[Site "Chess.com"]
[Date "2024.07.09"]
[Round "7"]
[White "michaelskie11"]
[Black "Brown_Bear_MGL"]
[Result "0-1"]
[WhiteElo "2407"]
[BlackElo "2634"]
[TimeControl "180+1"]
[EndTime "9:19:59 PDT"]
[Termination "Brown_Bear_MGL won on time"]

1. d4 Nf6 2. Nc3 e6 3. e4 d5 4. Bg5 dxe4 5. Nxe4 Be7 6. Bxf6 Bxf6 7. Nf3 O-O 8. c3 b6 9. Bd3 Bb7 10. Qc2 Nd7 11.
h4 h6 12. O-O-O c5 13. dxc5 Qc7 14. g4 Qf4+ 15. Nfd2 Qxg4 16. Rhg1 Qf4 17. Kb1 Ne5 18. Nxf6+ Qxf6 19. Be4 Bxe4 20. Nxe4 Qxh4 21. Rh1 Qf4 22.
Rdg1 Rfd8 23. Rg3 bxc5 24. a3 c4 25. Qe2 Rd3 26. Rhg1 g6 27. Nc5 Rd2 28. Qe1 Rb8 29. Na4 Qxf2 30. Rxg6+ Nxg6 31. Rxg6+ Kh7 32. Rg7+ Kxg7 33.
Qe5+ Qf6 34. Qxb8 Qf5+ 35. Ka2 Rd1 36. Qg3+ Qg6 37. Qe5+ Kh7 0-1

[Event "Early-Titled-Tuesday-Blitz-July-09-2024"]
[Site "Chess.com"]
[Date "2024.07.09"]
[Round "7"]
[White "ural58"]
[Black "Barmen_EV"]
[Result "1-0"]
[WhiteElo "2432"]
[BlackElo "2523"]
[TimeControl "180+1"]
[EndTime "9:20:00 PDT"]
[Termination "ural58 won by checkmate"]

1. e4 e6 2. d4 d5 3. Nc3 Nc6 4. e5 f6 5. Nf3 Bd7 6. Bf4 f5 7.
h4 Qe7 8. a3 O-O-O 9. b4 Qf7 10. Be2 h6 11. Qb1 Nge7 12. Bd2 f4 13. b5 Na5 14. Nxd5 Nxd5 15. Bxa5 g5 16. hxg5 Bg7 17. c4 Ne7 18. gxh6 Bxh6 19. Bb4 Bg7 20. Rg1 Nf5 21. a4 Be8 22. Bc3 Qh5 23. a5 Bg6 24. Qc1 Bh6 25. b6 cxb6 26. a6 Nxd4 27. axb7+ Kd7 28.
Bxd4 Ke7 29. Rxa7 Rd7 30. Qa3+ Kf7 31. b8=Q Rxb8 32. Rxd7+ Kg8 33. Qe7 Qf5 34. Nd2 Bf8 35. Qf6 Qc2 36. Rh1 Qc1+ 37. Bd1 Bh7 38. Rhxh7 Ra8 39. Qf7# 1-0

[Event "Early-Titled-Tuesday-Blitz-July-09-2024"]
[Site "Chess.com"]
[Date "2024.07.09"]
[Round "7"]
[White "LileKoridze"]
[Black "Millerkallpa"]
[Result "0-1"]
[WhiteElo "2399"]
[BlackElo "2253"]
[TimeControl "180+1"]
[EndTime "9:20:00 PDT"]
[Termination "Millerkallpa won by resignation"]

1. d4 Nf6 2. c4 c5 3. d5 b5 4. cxb5 a6 5. bxa6 g6 6. Nc3 Bxa6 7. e4 Bxf1 8. Kxf1 d6 9. Nf3 Bg7 10. g3 O-O 11. Kg2 Na6 12. a4 Nb4 13. Qe2 Qb6 14.
Nd2 Rfb8 15. Nc4 Qa6 16. Re1 Nd7 17. Bd2 Nc2 18. Rec1 Nxa1 19. Rxa1 Ne5 20. b3 Rxb3 21. Ne3 Qxe2 22. Nxe2 Nc4 23. Ra2 Nxd2 24. Rxd2 Rxa4 25.
Nc1 Rb1 26. Nd3 Rxe4 27. Ra2 Bd4 28. Nf1 c4 29. Nd2 cxd3 30. Nxe4 Re1 31. Kf3 h6 32. g4 f5 33. gxf5 gxf5 34. Ng3 Ra1 35. Rd2 Be5 36. Nxf5 Kf7 37. Nxh6+ Kg6 38. Ng4 Kf5 39. Nxe5 dxe5 40. Ke3 e4 41. f3 Re1+ 42. Kf2 Rh1 43. fxe4+ Kxe4 44. Kg2 Ra1 45. Kf2 Ra5 46. Rd1 Rxd5 47. Re1+ Kf4 48. Rd1 e5 49. h4 e4 50. Ra1 e3+ 51. Ke1 Kf3 52. Ra3 d2+ 53. Kd1 Rc5 54.
Ra1 Kf2 55. h5 Rxh5 56. Kc2 Ke2 57. Rg1 Rc5+ 0-1

[Event "Early-Titled-Tuesday-Blitz-July-09-2024"]
[Site "Chess.com"]
[Date "2024.07.09"]
[Round "7"]
[White "bazar-wokzal"]
[Black "Chessgod9oninsta"]
[Result "1-0"]
[WhiteElo "2614"]
[BlackElo "2768"]
[TimeControl "180+1"]
[EndTime "9:20:01 PDT"]
[Termination "bazar-wokzal won by resignation"]

1. e4 e5 2. Bc4 Nf6 3. d3 c6 4. Nf3 d5 5. Bb3 Bb4+ 6. c3 Bd6 7. Bg5 Be6 8. d4 Nbd7 9. exd5 cxd5 10. dxe5 Nxe5 11. Nxe5 Bxe5 12. Nd2 O-O 13. Nf3 Bc7 14. Qd4 Bb6 15. Qh4 h6 16. Bxf6 Qxf6 17. Qxf6 gxf6 18.
O-O-O Rad8 19. Nd4 Rfe8 20. Rhe1 Kg7 21. Re3 Bc7 22. g3 f5 23. f4 Kf6 24. Bc2 Bd7 25. Rde1 Rxe3 26. Rxe3 Bb6 27. Re5 Be6 28. Kd2 h5 29. b4 h4 30. a4 hxg3 31. hxg3 a5 32.
bxa5 Bxa5 33. Bxf5 Rc8 34. Bxe6 Bxc3+ 35. Kd3 fxe6 36.
Rxe6+ Kf7 37. Rb6 Be1 38. Rxb7+ Kf6 39. g4 Rc4 40. g5+ Kg6 41. Rb6+ Kh5 42. Rh6+ Kg4 43.
g6 Rc8 44. g7 Rg8 45. Ne6 1-0

[Event "Early-Titled-Tuesday-Blitz-July-09-2024"]
[Site "Chess.com"]
[Date "2024.07.09"]
[Round "7"]
[White "AlexandraSamaganova"]
[Black "Kotofeyca"]
[Result "0-1"]
[WhiteElo "2360"]
[BlackElo "2504"]
[TimeControl "180+1"]
[EndTime "9:20:01 PDT"]
[Termination "Kotofeyca won by checkmate"]

1. c4 c6 2. e4 d5 3. exd5 cxd5 4. d4 Nf6 5. Nc3 Nc6 6. Nf3 e6 7. Bg5 Be7 8. Bd3 dxc4 9. Bxc4 O-O 10. O-O b6 11.
Re1 Bb7 12. Rc1 Rc8 13. Bb3 Nb4 14. Ne5 Nfd5 15. Bxe7 Qxe7 16. Qg4 Nxc3 17. bxc3 Nd5 18. Qg3 Rc7 19. c4 Nf6 20. d5 Rd8 21. dxe6 Qxe6 22.
c5 Qf5 23. Nxf7 Rxf7 24. Qc7 Qd7 25. Bxf7+ Kxf7 26. Qxd7+ Rxd7 27. c6 Bxc6 28. Rxc6 Kg6 29. f3 Rd2 30. a4 Ra2 31. Rc4 h5 32. h3 Nd5 33. Re6+ Kf7 34. Rd6 Ne3 35. Rc7+ Kg8 36.
Rd8+ Kh7 37. Re7 Nxg2 38. Kh1 Nh4 39. Rdd7 Nxf3 40. Rxg7+ Kh6 41. Rh7+ Kg5 42. Rhg7+ Kh4 43. Rg2 Ra1+ 44. Rg1 Rxg1# 0-1

[Event "Early-Titled-Tuesday-Blitz-July-09-2024"]
[Site "Chess.com"]
[Date "2024.07.09"]
[Round "7"]
[White "Flaccidmoves"]
[Black "EternalNight8"]
[Result "1/2-1/2"]
[WhiteElo "2578"]
[BlackElo "2392"]
[TimeControl "180+1"]
[EndTime "9:20:02 PDT"]
[Termination "Game drawn - insufficient material"]

1. Nf3 Nf6 2. g3 g6 3. Bg2 Bg7 4. O-O O-O 5. d4 d5 6. c4 c6 7. cxd5 cxd5 8. Ne5 Ne4 9. Nd2 Nxd2 10. Bxd2 Nd7 11.
Nxd7 Bxd7 12. e3 Bb5 13. Re1 a5 14. a4 Ba6 15. Qb3 Bc4 16. Qa3 Qd7 17. b3 Bd3 18. Rac1 Be4 19. f3 Bf5 20. Bf1 Rfc8 21. Bb5 Qd8 22.
Kg2 e5 23. dxe5 Bxe5 24. Rxc8 Rxc8 25. Rc1 Rxc1 26. Qxc1 d4 27. e4 Be6 28. f4 Bg7 29. Qc5 Bxb3 30. h4 h5 31. f5 gxf5 32. Qxf5 Qe7 33.
Bd3 Qe5 34. Bxa5 Qxf5 35. exf5 Bxa4 36. Bb6 Bc6+ 37. Kf2 Be5 38. Be2 Be4 39. Bxh5 Bxf5 40. Bd1 Be4 41. g4 Bc6 42. h5 Kg7 43. g5 Be4 44. Bf3 Bxf3 45. Kxf3 f6 46. gxf6+ Bxf6 47. Ke4 Kh6 48. Bxd4 Bxd4 49. Kxd4 Kxh5 50. Kc5 Kg6 51. Kb6 Kf5 52. Kxb7 1/2-1/2

[Event "Early-Titled-Tuesday-Blitz-July-09-2024"]
[Site "Chess.com"]
[Date "2024.07.09"]
[Round "7"]
[White "dey2580"]
[Black "JJDAREK"]
[Result "1/2-1/2"]
[WhiteElo "2454"]
[BlackElo "2352"]
[TimeControl "180+1"]
[EndTime "9:20:02 PDT"]
[Termination "Game drawn by repetition"]

1. Nf3 g6 2. g3 Bg7 3. Bg2 c5 4. O-O Nc6 5. c3 e5 6. e4 Nge7 7. d4 exd4 8. cxd4 Nxd4 9. Nxd4 cxd4 10. Na3 O-O 11. Nb5 d5 12. Bf4 dxe4 13. Bxe4 a6 14. Nd6 Qb6 15. Qd2 Nc6 16. Rfc1 Be6 17. Nxb7 Qxb7 18.
Rxc6 Bd7 19. Rxg6 Qxe4 20. Rxg7+ Kxg7 21. Re1 Qd5 22. Re5 Qc6 23. Qxd4 f6 24. Re7+ Rf7 25. Bh6+ Kxh6 26. Rxf7 Qc1+ 27. Kg2 Bc6+ 28. f3 Qc2+ 29. Kg1 Qc1+ 30. Kg2 Qc2+ 31. Kg1 Qc1+ 32. Kf2 Qc2+ 33. Kg1 1/2-1/2